AoeStats
← Blazing Cartesia, The Virtuous

Arabia

510173637Analyzed
1v1 RM · 2d ago on Sep 29, 2026· 55m 59s· 2 players
Game mode
Random Map
Map size
Tiny (2 player)
Population
200
Speed
Normal
Resources
Standard
Victory
Conquest
Starting age
Dark Age
Ending age
Imperial Age
RankedLock teamsTeams togetherTeam positionsShared explorationLock speedFull tech treeHidden civsTurbo modeCheats
Victory
Defeat
1218
+15
🇹🇷 Mongols · Türkiye
1195
-15
omerkizilaslan
6:28 Loom
9:08 Feudal Age
13:23 Fletching
16:32 Wheelbarrow
22:39 Castle Age
21:57 Padded Archer Armor
22:17 Bloodlines
22:49 Double-Bit Axe
22:57 Gold Mining
25:31 Bodkin Arrow
27:25 Husbandry
28:10 Leather Archer Armor
30:45 Ballistics
32:14 Thumb Ring
32:56 Town Watch
33:28 Hand Cart
35:00 Bow Saw
39:05 Scale Barding Armor
40:20 Forging
42:13 Light Cavalry
42:57 Stone Mining
43:28 Elite Skirmisher
44:34 Chain Barding Armor
51:40 Imperial Age
49:42 Masonry
53:33 Chemistry
55:33 Bracer
Blazing Cartesia, The Virtuous
9:10 Feudal Age
9:51 Double-Bit Axe
11:08 Loom
14:09 Horse Collar
16:50 Fletching
19:26 Wheelbarrow
19:46 Gold Mining
20:49 Bloodlines
20:51 Scale Barding Armor
23:30 Castle Age
23:38 Light Cavalry
24:35 Bow Saw
24:34 Heavy Plow
25:23 Chain Barding Armor
26:55 Elite Skirmisher
28:07 Bodkin Arrow
30:58 Husbandry
31:38 Padded Archer Armor
32:17 Ballistics
32:49 Hand Cart
39:49 Pikeman
41:32 Scale Mail Armor
51:37 Imperial Age
52:26 Hussar
53:47 Plate Barding Armor
53:20 Bracer
Connection lost

Rejoining the realm…

Still unreachable

The connection could not be restored.

Session expired

The server has moved on; the page needs a fresh start.